 Dungeon Crawl Stone Soup version 0.27.1-33-g824d729ab1 (webtiles) character file.

Game seed: 7927335787835681219

53 zeram the Shield-Bearer (level 3, 0/26 HPs)
             Began as an Octopode Fighter on Dec 21, 2021.
             Slain by a goblin (2 damage)
             ... on level 2 of the Dungeon.
             The game lasted 00:01:30 (1442 turns).

zeram the Shield-Bearer (Octopode Fighter)          Turns: 1442, Time: 00:01:30

Health: 0/26       AC:  1    Str: 15    XL:     3   Next: 89%
Magic:  3/3        EV: 11    Int: 11    God:
Gold:   32         SH:  9    Dex: 11    Spells: 2/2 levels left

rFire    . . .     SeeInvis .   a - +0 rapier
rCold    . . .     Faith    .   b - +0 kite shield
rNeg     . . .     Spirit   .   (helmet restricted)
rPois    .         Reflect  .   (no amulet)
rElec    .         Harm     .   (no ring)
rCorr    .         Rampage  .   (no ring)
Will     .....                  (no ring)
Stlth    ++........             (no ring)
HPRegen  0.08/turn              (no ring)
MPRegen  0.08/turn              (no ring)
                                (no ring)
                                (no ring)

@: mighty
A: almost no armour, amphibious, 8 rings, camouflage 1, gelatinous body 1,
(nimble swimmer 1), tentacles
a: no special abilities


You were on level 2 of the Dungeon.
You visited 1 branch of the dungeon, and saw 2 of its levels.

You collected 32 gold pieces.

Inventory:

Hand Weapons
 a - a +0 rapier (weapon)
Armour
 b - a +0 kite shield (worn)
Potions
 d - 2 potions of curing {unknown}
 e - a potion of experience {unknown}


   Skills:
 - Level 3.0 Fighting
 - Level 2.0 Short Blades
 - Level 3.0 Dodging
 + Level 4.7 Shields


You had 2 spell levels left.
You didn't know any spells.
Your spell library contained the following spells:

 Spells                   Type           Power      Damage    Failure   Level
 Slow                     Hex            0%         N/A       90%         2
 Confusing Touch          Hex            0%         N/A       99%         3
 Yara's Violent Unravell  Hex/Tmut       0%         3d3       100%        5


Dungeon Overview and Level Annotations

Branches:
Dungeon (2/15)

Altars:


Innate Abilities, Weirdness & Mutations

You cannot wear most types of armour.
You are amphibious.
You can wear up to eight rings at the same time.
Your skin changes colour to match your surroundings (Stealth+).
Your rubbery body absorbs attacks. (AC +1, EV +1)
((You are camouflaged near water. (Stealth+)))
You have tentacles for arms and can constrict up to eight enemies at once.


Message History

You block the jackal's attack.
A hobgoblin comes into view.
The jackal completely misses you.
You puncture the jackal!
You kill the jackal!
The bat hits you but does no damage. You block the jackal's attack.
The jackal closely misses you.
You hit the jackal but do no damage. Your grab misses the jackal.
The bat barely misses you. The bat hits you. The jackal closely misses you.
The jackal bites you.
A frilled lizard comes into view.
Your shield prevents you from hitting the jackal.
Your grab misses the jackal. Your squeeze misses the jackal.
You block the bat's attack. The jackal bites you. x3
A worm comes into view.
You block the bat's attack.
You closely miss the jackal. You grab the jackal. You constrict the jackal.
The bat barely misses you. The bat closely misses you. The jackal bites you.
The goblin hits you with a +0 club. The jackal bites you. x2
* * * LOW HITPOINT WARNING * * *
The jackal barely misses you.
Unknown command.
You are too injured to fight recklessly!
You feel very mighty all of a sudden.
You constrict the jackal.
You kill the jackal!
The bat misses you. You block the jackal's attack.
You block the goblin's attack. The jackal completely misses you.
The frilled lizard unfolds its giant frill.
You block the jackal's attack.
You miss the bat. You grab the bat. You constrict the bat.
You block the bat's attack.
The bat struggles to escape constriction.
The bat escapes!
The jackal bites you.
* * * LOW HITPOINT WARNING * * *
You block the goblin's attack. The jackal closely misses you.
The jackal bites you.
* * * LOW HITPOINT WARNING * * *
The frilled lizard misses you. The goblin hits you with a +0 club.
You die...

#. ##†##..#...#
#.###.#.#.†<.#.#
#.....###.#.##.#
###.#)....#.# .
#.#######.# ##
#######.#######.#
................#
#######b#.####..#
#@hg.......
.....Jlhg!####.
.#.####.#w# #.#.#
#.#.. ... .. #..
### #..


You could see a worm, an endoplasm, 2 jackals, a hobgoblin, a goblin, a bat and
a frilled lizard.

Vanquished Creatures
  An adder (D:2)
  2 dart slugs
  2 ball pythons (D:1)
  6 endoplasms
  3 giant cockroaches (D:1)
  3 goblins
  3 hobgoblins
  6 jackals
  2 kobolds (D:1)
  3 quokkas
  3 rats (D:1)
34 creatures vanquished.

Notes
Turn   | Place    | Note
-------+----------+-------------------------------------------
     0 | D:1      | zeram the Octopode Fighter began the quest for the Orb.
     0 | D:1      | Reached XP level 1. HP: 16/16 MP: 1/1
   254 | D:1      | Reached XP level 2. HP: 21/21 MP: 2/2
   762 | D:1      | Reached skill level 4 in Shields
   969 | D:1      | Reached XP level 3. HP: 20/26 MP: 3/3
  1442 | D:2      | Slain by a goblin

Illustrated notes

Levels and vault maps discovered:
D:1:      dpeg_arrival_tiny_g, layout_basic, minmay_misc_feat_nine_boxes,
          serial_bayou_pond_d
D:2:      layout_loops_ring, dreamdust_ecumenical_altar_angels_and_demons,
          minmay_heptomino_o4

Skill      XL: |  1  2 |
---------------+-------+-----
Shields        | 4 |  4.7
Fighting       | |  3.0
Short Blades   | |  2.0
Dodging        | |  3.0

Action                   || total
-------------------------++-------
Melee: Rapier            ||    66
       Constrict         ||    15
       Tentacles         ||    10
  Use: Scroll            ||     1
       Potion            ||     1
 Stab: Sleeping          ||     9
Armor: Skin              ||     3
Dodge: Dodged            ||    32
Block: Kite shield       ||    39
